 Dungeon Crawl Stone Soup version 0.32-a0-928-g1cae6b7ea0 (webtiles) character file.

Game seed: 12664111302462301677

7871 uglyjohn the Mimic (level 11, -1/95 HPs)
             Began as a Grey Draconian Shapeshifter on Apr 12, 2024.
             Was a Priest of Cheibriados.
             Slain by a sphinx (2 damage)
             ... on level 9 of the Dungeon.
             The game lasted 00:22:19 (7823 turns).

uglyjohn the Mimic (Grey Draconian Shapeshifter)    Turns: 7823, Time: 00:22:21

Health: -1/95      AC: 19    Str: 26    XL:     11   Next: 2%
Magic:  11/11      EV: 20    Int: 20    God:    Cheibriados [***...]
Gold:   404        SH:  0    Dex: 20    Spells: 5/10 levels left

rFire   . .          .
                       - Unarmed
rCold   . . .        (shield currently unavailable)
rNeg    . . .        (body armour unavailable)
rPois   .            (helmet restricted)
rElec   .            (no cloak)
rCorr   .            A - +0 pair of gloves
SInv    .            d - +1 pair of boots
Will    .....        G - amulet of regeneration
Stlth   +            e - ring of wizardry
HPRegen 1.15/turn    y - +4 ring of protection
MPRegen 0.12/turn

%: wizardry (x1)
@: confused, brilliant, flux-form, glowing, very slow
A: glow, contaminating, mud breath, mud-swimmer, AC +12, amphibious, unfitting
armour, cold-blooded
a: Mud Breath, Begin Untransformation, Renounce Religion, Bend Time, Temporal
Distortion


You were on level 9 of the Dungeon.
You worshipped Cheibriados.
Cheibriados was most pleased with you.
You were something dangerously unstable.
You visited 2 branches of the dungeon, and saw 10 of its levels.

You collected 404 gold pieces.

Inventory:

Hand Weapons
 a - the +8 orcbow "Fygi" {heavy, Dex+3}
   (You found it on level 3 of the Dungeon)

   Dex+3:     It affects your dexterity (+3).
Armour
 d - a +1 pair of boots (worn)
 A - a +0 pair of gloves (worn)
Jewellery
 e - a ring of wizardry (left hand)
 j - a ring of ice
 m - a ring of wizardry
 y - a +4 ring of protection (right hand)
 G - an amulet of regeneration (around neck)
Talismans
 b - a beast talisman
 c - a flux talisman (active)
Wands
 E - a wand of polymorph (13)
Scrolls
 f - a scroll of immolation {unknown}
 g - 2 scrolls of amnesia {unknown}
 i - 7 scrolls of enchant armour
 k - 3 scrolls of teleportation
 l - 3 scrolls of torment
 n - a scroll of noise {unknown}
 o - a scroll of revelation {unknown}
 q - a scroll of identify
 r - a scroll of poison {unknown}
 u - a scroll of butterflies {unknown}
 z - a scroll of blinking {unknown}
 D - 2 scrolls of fog {unknown}
 F - a scroll of enchant weapon {unknown}
 H - a scroll of fear {unknown}
 I - a scroll of acquirement {unknown}
Potions
 h - 2 potions of curing {unknown}
 p - a potion of brilliance
 s - a potion of lignification
 t - 4 potions of magic
 v - 3 potions of attraction
 w - 2 potions of might {unknown}
 x - 2 potions of heal wounds {unknown}
 B - a potion of degeneration {unknown}
 C - a potion of mutation {unknown}


   Skills:
 + Level 8.4 Fighting
 + Level 7.2 Dodging
 + Level 8.2 Unarmed Combat
 * Level 10.4 Shapeshifting


You had 5 spell levels left.
You knew the following spells:

 Your Spells              Type           Power      Damage    Failure   Level
a - Apportation           Tloc           0%         N/A       8%          1
b - Teleport Other        Tloc           0%         N/A       22%         3
c - Summon Small Mammal   Summ           0%         N/A       8%          1

Your spell library contained the following spells:

 Spells                   Type           Power      Damage    Failure   Level
 Freeze                   Ice            0%         1d3       8%          1
 Necrotise                Necr           0%         1d4       8%          1
 Sting                    Conj/Alch      0%         1d3       8%          1
 Jinxbite                 Hex            0%         N/A       12%         2
 Scorch                   Fire           0%         2d5       12%         2
 Frozen Ramparts          Ice            0%         1d1       22%         3
 Hailstorm                Conj/Ice       0%         3d5       22%         3
 Flame Wave               Conj/Fire      0%         2d4       56%         4
 Alistair's Intoxication  Alch           0%         N/A       88%         5
 Dispersal                Tloc           0%         N/A       100%        6
 Gell's Gavotte           Tloc           0%         2d(11-16) 100%        6
 Summon Cactus Giant      Summ           0%         N/A       100%        6


Dungeon Overview and Level Annotations

Branches:
Dungeon (9/15)             Temple (1/1) D:6
   Lair: D:8-11         Orc: D:9-12

Altars:
Ashenzari
Cheibriados
Dithmenos
Elyvilon
Fedhas
Gozag
Hepliaklqana
Kikubaaqudgha
Makhleb
Nemelex Xobeh
Okawaru
Qazlal
Ru
Sif Muna
Trog
Uskayaw
Vehumet
Wu Jian
Xom
Yredelemnul
Zin
The Shining One

Annotations:
D:5 3 runed translucent doors, Doorstop00's ghost, novice GrFi; mrsleep's ghost, amateur MiFi
D:7 2 transporters, Heh's ghost, novice CoGl


Innate Abilities, Weirdness & Mutations

You are something dangerously unstable.
You glow with magical radiation, making you easy to see and hit.
Foes you strike become dangerously contaminated with magical radiation.
You are incapable of wielding weapons or throwing items.
You can breathe torrents of mud.
You are unimpeded by mud.
Your dull iron-grey scales are very hard. (AC +12)
You are amphibious.
You cannot fit into any form of body armour.
You are cold-blooded and may be slowed by cold attacks.


Message History

The sphinx mumbles some strange words.
You shrug off the repeated paralysis!
You hit the sphinx.
The sphinx shudders as magic cascades through it!!
The sphinx twists and deforms.
You tail-slap the sphinx.
The sphinx is moderately wounded.
The sphinx hits you!
* * * LOW HITPOINT WARNING * * *
The sphinx misses you. The sphinx barely misses you.
You hit the sphinx.
The sphinx begins to glow.
You tail-slap the sphinx.
The sphinx is heavily wounded.
The sphinx closely misses you. The sphinx barely misses you.
The sphinx completely misses you.
You hit the sphinx.
The sphinx glows dangerously bright.
The sphinx is heavily wounded.
The sphinx hits you but does no damage. The sphinx barely misses you.
The sphinx hits you but does no damage.
You hit the sphinx.
The sphinx shudders as magic cascades through it!!
The sphinx twists and deforms.
The sphinx is severely wounded.
The sphinx hits you but does no damage. The sphinx hits you.
* * * LOW HITPOINT WARNING * * *
The sphinx hits you but does no damage.
You hit the sphinx.
The sphinx begins to glow.
You tail-slap the sphinx.
The sphinx is severely wounded.
The sphinx hits you but does no damage. The sphinx barely misses you. x2
You hit the sphinx.
The sphinx glows dangerously bright.
You tail-slap the sphinx.
The sphinx is almost dead.
The sphinx casts a spell.
You are confused.
It was a potion of brilliance.
You feel clever all of a sudden.
The sphinx mumbles some strange words.
Something smites you!
* * * LOW HITPOINT WARNING * * *
The sphinx hits you.
You die...
Cheibriados appreciates the motionlessness of death.

###.............# #...##.#.
##...#####.......# #......#.
#..###...###..#### ###......#.
#.##.#._.#.##.# #..........
#.#..#...#..#.# #..........
###..##'##..###########..........
##...........#......>##..........
######...##..#.......##..........
### ##..##.....p....##..........
##.........H...##..........
####..........##..........
#..........)).††.......
#.........$...#########
....≈≈≈≈≈≈≈≈..).#
#.##≈≈≈≈≈≈≈≈≈≈≈..# #
#≈≈≈######≈†≈†.#
.≈≈≈##.K..##ß≈≈†#


You could see a sphinx (heavy contam, misshapen).

Vanquished Creatures
  Erica (D:8)
  Amaemon (D:8)
  Pikel (D:7)
  A cyclops (D:6)
  An orange demon (D:8)
  5 yaks (D:7)
  Grum (D:8)
  2 steam dragons
  Duvessa (D:6)
  5 water moccasins
  2 orc warriors (D:8)
  An ice beast (D:6)
  A sky beast (D:7)
  2 ogres
  4 wolves (D:8)
  3 centaurs
  A lemure (D:7)
  Blork the orc (D:5)
  2 bullfrogs
  4 scorpions
  A gnoll sergeant (D:8)
  Dowan (D:6)
  16 wights
  4 killer bees (D:9)
  5 electric eels
  3 jellies
  An orc priest (D:4)
  2 gnoll boudas
  6 hounds
  5 iguanas
  5 sleepcaps
  3 orc wizards (D:8)
  16 gnolls
  10 adders
  3 white imps
  4 dart slugs
  28 orcs
  3 ball pythons
  6 endoplasms
  2 giant cockroaches
  11 goblins
  9 hobgoblins
  2 jackals (D:1)
  7 quokkas
  4 bats
  A frilled lizard (D:2)
  5 kobolds
  4 rats (D:1)
207 creatures vanquished.

Vanquished Creatures (others)
  2 gnolls (D:7)
2 creatures vanquished.

Grand Total: 209 creatures vanquished

Notes
Turn   | Place    | Note
-------+----------+-------------------------------------------
     0 | D:1      | uglyjohn the Draconian Shapeshifter began the quest for the
                  | Orb.
     0 | D:1      | Reached XP level 1. HP: 16/16 MP: 1/1
   168 | D:1      | Reached XP level 2. HP: 18/23 MP: 2/2
   818 | D:2      | Reached XP level 3. HP: 29/29 MP: 3/3
   841 | D:2      | Found a faded altar of an unknown god.
  1671 | D:3      | Identified the +8 orcbow "Fygi" {heavy, Dex+3}
  1826 | D:3      | Found an ornate altar of the Wu Jian Council.
  1834 | D:3      | Found a stormy altar of Qazlal.
  1839 | D:3      | Found a glowing silver altar of Zin.
  2166 | D:4      | Reached XP level 4. HP: 36/36 MP: 4/4
  2201 | D:4      | Reached skill level 4 in Shapeshifting
  2301 | D:4      | Reached XP level 5. HP: 42/42 MP: 5/5
  2410 | D:5      | Entered Level 5 of the Dungeon
  2854 | D:4      | Reached XP level 6. HP: 48/51 MP: 6/6
  2910 | D:4      | Identified the +6 war axe "Joefef" {heavy, rCorr Str+4
                  | Dex-3}
  3144 | D:4      | Found a shimmering altar of Xom.
  3588 | D:5      | Reached skill level 5 in Shapeshifting
  3787 | D:5      | Your scales start taking on a dull iron-grey colour.
  3787 | D:5      | Reached XP level 7. HP: 37/58 MP: 7/7
  4063 | D:5      | Noticed Blork the orc
  4076 | D:5      | Killed Blork the orc
  4354 | D:5      | Reached skill level 6 in Shapeshifting
  4441 | D:5      | Reached skill level 5 in Unarmed Combat
  4570 | D:5      | Found a runed translucent gate.
  4570 | D:5      | Found a runed translucent gate.
  4570 | D:5      | Found a runed translucent gate.
  4575 | D:5      | Noticed mrsleep's ghost (amateur MiFi)
  4575 | D:5      | Noticed Doorstop00's ghost (novice GrFi)
  4595 | D:5      | Reached XP level 8. HP: 57/67 MP: 8/8
  4966 | D:6      | Noticed Dowan
  4968 | D:6      | Noticed Duvessa
  5010 | D:6      | Killed Duvessa
  5017 | D:6      | Killed Dowan
  5018 | D:6      | Reached skill level 5 in Fighting
  5061 | D:6      | Noticed a cyclops
  5083 | D:6      | Killed a cyclops
  5084 | D:6      | Reached skill level 7 in Shapeshifting
  5130 | D:6      | Found a staircase to the Ecumenical Temple.
  5145 | Temple   | Entered the Ecumenical Temple
  5177 | Temple   | Became a worshipper of Cheibriados the Contemplative
  5205 | D:6      | Reached skill level 5 in Dodging
  5222 | D:6      | Reached XP level 9. HP: 45/75 MP: 9/9
  5237 | D:6      | Learned a level 1 spell: Apportation
  5241 | D:6      | Learned a level 3 spell: Teleport Other
  5243 | D:6      | Learned a level 1 spell: Summon Small Mammal
  5425 | D:6      | Found a hide-covered altar of Uskayaw.
  5858 | D:7      | Noticed Pikel
  5869 | D:7      | Killed Pikel
  5870 | D:7      | Reached skill level 8 in Shapeshifting
  5919 | D:7      | Reached * piety under Cheibriados
  6016 | D:7      | Noticed a queen bee
  6061 | D:7      | Reached skill level 9 in Shapeshifting
  6061 | D:7      | Reached XP level 10. HP: 34/86 MP: 4/10
  6264 | D:7      | Noticed Heh's ghost (novice CoGl)
  6316 | D:7      | Found a transporter.
  6321 | D:7      | Found a transporter.
  6368 | D:7      | Found an ancient bone altar of Kikubaaqudgha.
  6497 | D:8      | Reached ** piety under Cheibriados
  6713 | D:8      | Noticed Grum
  6737 | D:8      | Killed Grum
  7054 | D:8      | Noticed Erica
  7071 | D:8      | Killed Erica
  7302 | D:8      | Noticed Amaemon
  7302 | D:8      | Noticed an orange demon
  7324 | D:8      | Killed an orange demon
  7325 | D:8      | Reached skill level 10 in Shapeshifting
  7339 | D:8      | Killed Amaemon
  7527 | D:9      | Reached *** piety under Cheibriados
  7578 | D:9      | Found a broken altar of Ashenzari.
  7740 | D:9      | Noticed a sphinx
  7744 | D:9      | Reached XP level 11. HP: 76/95 MP: 11/11
  7810 | D:9      | Paralysed by a sphinx for 5 turns
  7823 | D:9      | HP: 1/95 [sphinx/divine providence (15)]
  7823 | D:9      | Slain by a sphinx

Illustrated notes

Levels and vault maps discovered:
D:1:      minmay_arrival_split_and_join, layout_basic, serial_corexii_hall,
          corexii_hall_statues_x, corexii_hall_statues_i
D:2:      layout_basic, ebering_ecumenical_altar_sacrificial
D:3:      layout_loops_ring, minmay_overflow_temple_star_quad,
          minmay_misc_feat_nine_boxes
D:4:      cheibrodos_greedy_goblins, layout_cave_pools,
          regret_index_xom_buried_treasure, serial_column_ruins,
          column_ruins_hut, column_ruins_hut, column_ruins_grid_1,
          column_ruins_open_tiny, column_ruins_open_tiny
D:5:      minmay_inner_zag, layout_loops_ring, gammafunk_ghost_cemetery,
          dreamdust_princess_corridor, st_stairs_4, nicolae_elevator_lobby_plus,
          uniq_blork_the_orc
D:6:      layout_basic, mainiacjoe_overflow_surrounded_room,
          minmay_temple_entry_arrows, dk_noncrumbling_4, uniq_duvessa
D:7:      layout_rooms, kiku_gazebo_garden_becter, gammafunk_ghost_hive,
          uniq_pikel
D:8:      layout_basic, hangedman_decor_opposing, kennysheep_cross_bottleneck,
          uniq_amaemon, uniq_erica, uniq_grum
D:9:      layout_basic, nicolae_ashenzari_skybound, kennysheep_island_fort
Temple:   nicolae_temple_superstar

Skill      XL: |  1  2  3  4  5  6  7  8  9 10 |
---------------+-------------------------------+-----
Dodging        | 2 3 4 5 6 7 |  7.2
Fighting       | 2 3 4 5 7 8 |  8.4
Shapeshifting  | 4 5 6 7 9 10 | 10.4
Unarmed Combat | 4 5 6 7 8 |  8.2

Action                     |  1- 3 |  4- 6 |  7- 9 | 10-12 || total
---------------------------+-------+-------+-------+-------++-------
  Melee: Unarmed           |    78 |   133 |   272 |   246 ||   729
         Tailslap          |     6 |    13 |    46 |    50 ||   115
         Punch             |     1 |     3 |     1 |       ||     5
   Fire: Orcbow            |    12 |    24 |       |       ||    36
   Cast: Teleport Other    |       |       |     1 |       ||     1
Ability: Mud Breath        |       |       |     5 |     4 ||     9
  Evoke: Wand              |       |       |       |     1 ||     1
    Use: Scroll            |       |     1 |       |     5 ||     6
         Potion            |       |       |       |     1 ||     1
   Stab: Sleeping          |       |     1 |       |       ||     1
 Armour: Skin              |    52 |    82 |   144 |   179 ||   457
  Dodge: Dodged            |    36 |   101 |   223 |   235 ||   595
   Form: Flux              |       |       |     1 |       ||     1

Table legend: (Time is in decaauts)
 A = Elapsed time spent in this place.
 B = Non-inter-level travel time spent in this place.
 C = Inter-level travel time spent in this place.
 D = Time resting spent in this place.
 E = Time spent auto-exploring this place.
 F = Levels seen in this place.
 G = Mean time per level.
                   A        B        C        D        E       F      G
               +--------+--------+--------+--------+--------+-----+--------+
         Total |   8499 |   8030 |    469 |   1211 |   5033 |  10 |  849.9 |
       Dungeon |   8438 |   7994 |    444 |   1211 |   5033 |   9 |  937.6 |
        Temple |     61 |     36 |     25 |      0 |      0 |   1 |   61.0 |
               +--------+--------+--------+--------+--------+-----+--------+

Top non-repeatable levels by time:
     D:5: 1831 daAuts
     D:8: 1344 daAuts
     D:4: 929 daAuts
     D:7: 920 daAuts
     D:6: 853 daAuts
     D:1: 781 daAuts
     D:3: 715 daAuts
     D:2: 651 daAuts
     D:9: 409 daAuts
  Temple: 61 daAuts
